 Dungeon Crawl Stone Soup version 0.31-a0-879-g1609e0ac53 (webtiles) character file.

Game seed: 8588400590621953632

86339 benadryl the Severer (level 15, -2/92 HPs)
             Began as a Gargoyle Fighter on Oct 12, 2023.
             Was a High Priest of Trog.
             Slain by an orc warrior
             ... wielding a +0 dire flail
             ... led by an orc warlord
              (19 damage)
             ... on level 1 of the Orcish Mines on Oct 14, 2023.
             The game lasted 00:46:25 (18609 turns).

benadryl the Severer (Gargoyle Fighter)            Turns: 18609, Time: 00:46:26

Health: -2/92      AC: 30    Str: 23    XL:     15   Next: 86%
Magic:  25/25      EV: 11    Int: 16    God:    Trog [*****.]
Gold:   1623       SH:  6    Dex: 11    Spells: 14/14 levels left

rFire   . . .        p - +16 obsidian axe {drain, demonic, Mesm Drain Fly SInv}
rCold   . . .        c - +0 buckler
rNeg    + . .        n - +5 chain mail
rPois   ∞            M - +3 hat of Pondering {ponderous, Will+ MP+10 Int+5}
rElec   +            o - +0 cloak
rCorr   .            J - +0 pair of gloves
SInv    +            (no boots)
Will    ++++.        I - amulet of regeneration Stlth
                     (no ring)
HPRegen 2.15/turn    (no ring)
MPRegen 0.19/turn

%: no passive effects
@: strong-willed, flying, mesmerised, regenerating, slow
A: sickness immunity, AC +11, big wings, negative energy resistance 1,
electricity resistance, torment resistance 1, petrification resistance
a: Renounce Religion, Berserk, Trog's Hand, Brothers in Arms


You were on level 1 of the Orcish Mines.
You worshipped Trog.
Trog was extremely pleased with you.
You visited 4 branches of the dungeon, and saw 20 of its levels.

You collected 1753 gold pieces.
You spent 130 gold pieces at shops.

Inventory:

Hand Weapons
 l - a +2 demon blade of venom
 p - the +16 obsidian axe (weapon) {drain, demonic, Mesm Drain Fly SInv}
   (You acquired it on level 5 of the Dungeon)

   Mesm:      Its wielder is mesmerised by any visible foes, and it cannot be
   unequipped while any foes are visible.
   SInv:      It lets you see invisible.
   Fly:       It grants you flight.
   Drain:     It drains your maximum health when unequipped.
 U - a +1 war axe of flaming
Missiles
 E - a curare-tipped dart
 G - 4 throwing nets
Armour
 c - a +0 buckler (worn)
 k - a +0 helmet
 n - a +5 chain mail (worn)
 o - a +0 cloak (worn)
 H - a +2 ring mail of cold resistance
 J - a +0 pair of gloves (worn)
 K - a +2 scale mail of willpower
 M - the +3 hat of Pondering (worn) {ponderous, Will+ MP+10 Int+5}
   (You took it off Gastronok on level 3 of the Lair of Beasts)

   Int+5:     It affects your intelligence (+5).
   Will+:     It increases your willpower.
   MP+10:     It affects your magic capacity (+10).
Jewellery
 f - an amulet of the acrobat
 u - an amulet of magic regeneration
 A - an amulet of guardian spirit
 I - an amulet of regeneration (around neck)
 P - a ring of ice
Talismans
 q - a blade talisman
Wands
 m - a wand of flame (28)
 r - a wand of acid (27)
 B - a wand of roots (13)
 D - a wand of paralysis (6)
 F - a wand of mindburst (11)
 L - a wand of polymorph (7)
Scrolls
 b - 2 scrolls of poison
 d - a scroll of immolation
 h - 4 scrolls of amnesia
 j - 7 scrolls of teleportation
 y - 3 scrolls of revelation
 O - 2 scrolls of vulnerability
 Q - a scroll of fear
 S - 2 scrolls of enchant armour
 T - a scroll of identify {@r1}
Potions
 a - a potion of enlightenment {unknown}
 e - 3 potions of curing {@q1}
 g - 2 potions of mutation
 i - 2 potions of lignification
 s - 3 potions of heal wounds
 t - 2 potions of ambrosia
 v - a potion of brilliance {unknown}
 w - a potion of resistance
 x - 2 potions of haste
 z - 3 potions of attraction
 C - a potion of might
 N - a potion of berserk rage {unknown}
 R - a potion of invisibility


   Skills:
 - Level 10.0 Fighting
 - Level 15.4 Axes
 - Level 3.2 Armour
 * Level 8.9 Dodging
 - Level 9.1 Shields
 - Level 5.0 Evocations
 - Level 10.0 Shapeshifting


You had 14 spell levels left.
You didn't know any spells.
Your spell library contained the following spells:

 Spells                   Type           Power      Damage    Failure   Level
 Apportation              Tloc           0%         N/A       87%         1
 Ensorcelled Hibernation  Hex/Ice        0%         N/A       95%         2
 Jinxbite                 Hex            0%         N/A       95%         2
 Lesser Beckoning         Tloc           0%         N/A       95%         2
 Passwall                 Tmut/Erth      0%         N/A       95%         2
 Gell's Gravitas          Tloc           0%         N/A       99%         3
 Swiftness                Air            0%         N/A       99%         3
 Teleport Other           Tloc           0%         N/A       99%         3
 Leda's Liquefaction      Hex/Erth       0%         N/A       100%        4
 Alistair's Intoxication  Tmut/Pois      0%         N/A       100%        5
 Lee's Rapid Deconstruct  Erth           0%         3d4*      100%        5
 Bombard                  Conj/Erth      0%         9d1       100%        6


Dungeon Overview and Level Annotations

Branches:
Dungeon (13/15)            Temple (1/1) D:5            Lair (5/5) D:10
  Swamp (0/4) Lair:2       Spider (0/4) Lair:3        Slime (0/5) Lair:5
    Orc (1/2) D:12         Vaults (0/5) D:13

Altars:
Ashenzari
Cheibriados
Dithmenos
Elyvilon
Fedhas
Gozag
Hepliaklqana
Kikubaaqudgha
Makhleb
Nemelex Xobeh
Okawaru
Qazlal
Ru
Sif Muna
Trog
Uskayaw
Vehumet
Wu Jian
Xom
Yredelemnul
Zin
The Shining One
Jiyva
Lugonu

Shops:
D:4 :   D:8 *   D:10 *   D:11 !

Portals:
Abyss: Lair:4

Annotations:
D:6 2 transporters, petzl's ghost, novice FoDe


Innate Abilities, Weirdness & Mutations

You are immune to sickness and miasma.
Your stone body is resilient. (AC +11)
You are immune to poison.
Your large and strong wings let you fly.
You resist negative energy. (rN+)
You are resistant to electric shocks. (rElec)
You are resistant to unholy torment.
You are immune to petrification.


Message History

You drain the orc warrior.
The orc warrior is heavily wounded.
You hit the wolf. x2; You drain the wolf.
The wolf bites you but does no damage. x2
Your ogre misses the orc sorcerer. The warg bites your ogre!
Your ogre dies!
Your ogre's corpse disappears in a puff of smoke!
The wolf barely misses you.
You open the orc warrior like a pillowcase!!!
You break out of your daze!
You kill the orc warrior!
Trog accepts your kill.
You closely miss the orc warrior. You slash the wolf! You miss the wolf.
You hit the orc sorcerer.
Visions of slaying the orc warrior flood into your mind.
The wolf barely misses you. The wolf bites you but does no damage.
The orc warrior barely misses you.
The orc sorcerer points at you and mumbles some strange words.
The bolt of fire misses you.
You hear a howl!
You hear a shout!
You slash the orc warrior!
The orc warrior is moderately wounded.
You slash the warg! You barely miss the wolf. You hit the orc sorcerer.
Visions of slaying the warg flood into your mind.
The wolf pauses to sniff the ground.
A warg comes into view.
The wolf closely misses you.
The warg howls!
You slash the wolf!
You kill the wolf!
Trog accepts your kill.
You slice the orc sorcerer!! You slash the orc warrior!
You drain the orc warrior. You hit the ice devil. You barely miss the warg.
You slash the wolf!
Visions of slaying the wolf flood into your mind.
The warg barely misses you.
The orc sorcerer gestures at you while chanting.
The bolt of fire hits you!!!
* * * LOW HITPOINT WARNING * * *
The orc warrior hits you with a +0 dire flail!!
You die...

≈~~h ... ### ..o
###.## . .h #....##
..####h####.....##
...o.o.g.........#
....oCoh........####.
..ooOoo@h.$#......#.#
....).4).>...........
.....)>..............
...............#.....
.....................
.....#...............
.$........#.....#.#..
...............#### .
#.#.##.##.))##


You could see an ettin, an ice devil (summoned), 3 wargs, an orc sorcerer
(strong), 3 orc warriors, an ogre, 2 wolves, an orc priest (strong), 4 orcs and
a goblin.

Vanquished Creatures
  Rupert (Lair:3)
  Gastronok (Lair:3)
  A vault guard (D:13)
  3 hydras
  Harold (D:9)
  2 centaur warriors (D:13)
  A ghost crab (Lair:2)
  4 two-headed ogres
  3 boulder beetles
  Erica (D:9)
  4 death yaks (Lair:2)
  A fire crab (Lair:4)
  Amaemon (D:8)
  Lodul (D:10)
  An orb spider (Lair:3)
  An orc knight (D:12)
  A lindwurm (Lair:3)
  5 deep elf pyromancers
  3 deep elf zephyrmancers (D:11)
  An oklob plant (Lair:1)
  An ugly thing (D:13)
  3 cyclopes
  4 elephants (Lair:4)
  6 black mambas
  Maurice (D:9)
  An orange demon (D:8)
  2 gargoyles
  7 cane toads
  A rime drake (Lair:5)
  Psyche (D:8)
  15 komodo dragons
  A kobold demonologist (D:13)
  7 trolls
  A polar bear (Lair:3)
  2 hornets
  6 blink frogs
  Sigmund (D:3)
  2 shadows (D:10)
  A wraith (D:10)
  2 spriggans (Lair:1)
  28 yaks
  2 wyverns
  A vampire mosquito (D:13)
  A steam dragon (D:8)
  3 basilisks
  2 spectral cane toads (Lair:2)
  7 water moccasins
  2 spectral polar bears (Lair:2)
  13 orc warriors
  8 ogres
  11 wolves
  3 kobold brigands
  6 bullfrogs
  3 scorpions (D:5)
  6 killer bees (D:9)
  4 howler monkeys
  3 hounds (D:5)
  A jelly (D:7)
  8 orc priests
  Natasha (D:3)
  Terence (D:2)
  2 iguanas
  8 orc wizards
  Robin (D:2)
  4 gnolls
  8 adders
  3 worms
  A dart slug (D:1)
  52 orcs
  8 endoplasms
  3 giant cockroaches
  14 goblins
  6 hobgoblins
  2 jackals (D:1)
  13 kobolds
  6 quokkas
  10 ball pythons
  7 bats
  7 frilled lizards
  11 rats
  2 lurking horrors (Lair:4)
384 creatures vanquished.

Vanquished Creatures (collateral kills)
  An orc warlord (Orc:1)
  Snorg (D:10)
  3 hydras
  A boulder beetle (D:11)
  3 deep elf zephyrmancers (D:11)
  2 deep elf pyromancers
  A cyclops (D:12)
  Jeremiah (D:8)
  A rime drake (Lair:4)
  3 komodo dragons
  A troll (D:11)
  A blink frog (Lair:3)
  8 yaks
  2 wraiths
  3 basilisks
  2 water moccasins
  2 orc warriors
  A black bear (Lair:2)
  A spectral basilisk (Lair:2)
  An orc priest (Orc:1)
  A gnoll bouda (D:7)
  2 orc wizards
  3 gnolls
  3 orcs
  3 kobolds (D:7)
51 creatures vanquished.

Vanquished Creatures (others)
  2 orcs (Orc:1)
  A lurking horror (Lair:4)
3 creatures vanquished.

Grand Total: 438 creatures vanquished

Notes
Turn   | Place    | Note
-------+----------+-------------------------------------------
     0 | D:1      | benadryl the Gargoyle Fighter began the quest for the Orb.
     0 | D:1      | Reached XP level 1. HP: 14/14 MP: 1/1
    70 | D:1      | Reached skill level 2 in Axes
   167 | D:1      | Reached XP level 2. HP: 19/19 MP: 2/2
   527 | D:1      | Reached XP level 3. HP: 24/24 MP: 3/3
   898 | D:2      | Noticed Robin
  1041 | D:1      | Reached skill level 3 in Axes
  1344 | D:2      | Killed Robin
  1434 | D:2      | Reached XP level 4. HP: 29/29 MP: 4/4
  1459 | D:2      | Noticed Terence
  1471 | D:2      | Killed Terence
  2116 | D:2      | Reached XP level 5. HP: 34/34 MP: 5/5
  2457 | D:3      | Noticed Sigmund
  2763 | D:3      | Killed Sigmund
  2764 | D:3      | Reached skill level 5 in Axes
  2764 | D:3      | Reached XP level 6. HP: 27/39 MP: 6/6
  2920 | D:3      | Noticed Natasha
  2937 | D:3      | Killed Natasha
  2957 | D:3      | Found an ancient bone altar of Kikubaaqudgha.
  3385 | D:4      | Found a stormy altar of Qazlal.
  3781 | D:4      | Found Sose's Book Shop.
  3920 | D:5      | Entered Level 5 of the Dungeon
  3936 | D:4      | Reached XP level 7. HP: 27/44 MP: 7/7
  4105 | D:5      | Reached skill level 5 in Fighting
  4105 | D:5      | Reached skill level 6 in Axes
  4207 | D:5      | Identified a scroll of acquirement
  4207 | D:5      | Acquired the +16 obsidian axe {drain, demonic, Mesm Drain
                  | Fly SInv}
  4207 | D:5      | Found the +16 obsidian axe {drain, demonic, Mesm Drain Fly
                  | SInv}
  4519 | D:5      | Found a staircase to the Ecumenical Temple.
  4531 | Temple   | Entered the Ecumenical Temple
  4590 | Temple   | Became a worshipper of Trog the Wrathful
  4667 | D:5      | Reached skill level 1 in Shapeshifting
  4936 | D:5      | Reached XP level 8. HP: 49/49 MP: 8/8
  5292 | D:6      | Found a transporter.
  5292 | D:6      | Found a transporter.
  5292 | D:6      | Noticed petzl's ghost (novice FoDe)
  5297 | D:6      | Identified the +9 great mace of the Endless Expanse {heavy,
                  | rElec rF- rN+ Int+3}
  5465 | D:6      | Noticed a yak
  5465 | D:6      | Noticed a yak
  5465 | D:6      | Noticed a yak
  5469 | D:6      | Killed a yak
  5471 | D:6      | Noticed a yak
  5471 | D:6      | Noticed a yak
  5473 | D:6      | Killed a yak
  5474 | D:6      | Reached skill level 5 in Shields
  5475 | D:6      | Noticed a yak
  5475 | D:6      | Killed a yak
  5476 | D:6      | Killed a yak
  5476 | D:6      | Killed a yak
  5477 | D:6      | Reached XP level 9. HP: 53/54 MP: 9/9
  5479 | D:6      | Reached skill level 5 in Shapeshifting
  5500 | D:6      | Found a radiant altar of Vehumet.
  6101 | D:7      | Noticed a troll
  6106 | D:7      | Killed a troll
  6167 | D:7      | Reached * piety under Trog
  6695 | D:8      | Noticed a hornet
  6800 | D:8      | Killed a hornet
  7073 | D:8      | Identified the +1 mace of Aroewier {freeze, rC+ Stlth+}
  7089 | D:8      | Noticed Psyche
  7095 | D:8      | Killed Psyche
  7224 | D:8      | Noticed Amaemon
  7224 | D:8      | Noticed an orange demon
  7231 | D:8      | Killed Amaemon
  7232 | D:8      | Reached XP level 10. HP: 59/59 MP: 8/10
  7235 | D:8      | Killed an orange demon
  7269 | D:8      | Found an ornate altar of the Wu Jian Council.
  7271 | D:8      | Noticed Jeremiah
  7288 | D:8      | Killed Jeremiah
  7410 | D:8      | Found Qatwietipt's Assorted Antiques.
  7416 | D:8      | Upgraded the game from 0.31-a0-875-g02e7d12df6 to
                  | 0.31-a0-879-g1609e0ac53
  7714 | D:9      | Found a glowing silver altar of Zin.
  7714 | D:9      | Noticed a two-headed ogre
  7719 | D:9      | Killed a two-headed ogre
  7863 | D:9      | Reached ** piety under Trog
  7993 | D:9      | Found a hazy altar of Hepliaklqana.
  7994 | D:9      | Found a sparkling altar of Nemelex Xobeh.
  8005 | D:9      | Noticed Erica
  8016 | D:9      | Killed Erica
  8085 | D:9      | Reached skill level 10 in Shapeshifting
  8085 | D:9      | Reached skill level 7 in Axes
  8187 | D:9      | Found an iron altar of Okawaru.
  8365 | D:9      | Noticed Harold
  8367 | D:9      | Noticed Maurice
  8372 | D:9      | Killed Harold
  8373 | D:9      | Reached XP level 11. HP: 64/64 MP: 8/11
  8376 | D:9      | Killed Maurice
  8617 | D:10     | Entered Level 10 of the Dungeon
  8635 | D:10     | Noticed a cyclops
  8642 | D:10     | Killed a cyclops
  8643 | D:10     | Reached skill level 8 in Axes
  8685 | D:10     | Noticed a two-headed ogre
  8692 | D:10     | Killed a two-headed ogre
  8828 | D:10     | Noticed Snorg
  8835 | D:10     | Reached skill level 9 in Axes
  8835 | D:10     | Killed Snorg
  8914 | D:10     | Found a staircase to the Lair.
  8972 | D:10     | Found Qojudghus's Assorted Antiques.
  9023 | D:10     | Noticed Lodul
  9032 | D:10     | Reached skill level 10 in Axes
  9035 | D:10     | Killed Lodul
  9441 | D:11     | Noticed a boulder beetle
  9451 | D:11     | Killed a boulder beetle
  9523 | D:11     | Found Nakysk's Distillery.
  9588 | Lair:1   | Entered Level 1 of the Lair of Beasts
  9610 | Lair:1   | Noticed an oklob plant
  9624 | Lair:1   | Killed an oklob plant
 10033 | Lair:1   | Reached XP level 12. HP: 66/72 MP: 12/12
 10066 | Lair:1   | Reached skill level 11 in Axes
 10578 | Lair:2   | Noticed a six-headed hydra
 10587 | Lair:2   | Killed an eight-headed hydra
 10718 | Lair:2   | Noticed a six-headed hydra
 10736 | Lair:2   | Killed a ten-headed hydra
 11064 | Lair:2   | Reached skill level 10 in Fighting
 11092 | Lair:2   | Noticed a six-headed hydra
 11100 | Lair:2   | Killed a six-headed hydra
 11101 | Lair:2   | Reached skill level 1 in Dodging
 11125 | Lair:2   | Reached *** piety under Trog
 11306 | Lair:2   | Reached skill level 12 in Axes
 11321 | Lair:2   | Found a staircase to the Swamp.
 11321 | Lair:2   | Noticed a ghost crab
 11331 | Lair:2   | Killed a ghost crab
 11474 | Lair:2   | Noticed a death yak
 11474 | Lair:2   | Noticed a death yak
 11474 | Lair:2   | Noticed a death yak
 11476 | Lair:2   | Noticed a death yak
 11485 | Lair:2   | Killed a death yak
 11493 | Lair:2   | Killed a death yak
 11494 | Lair:2   | Reached skill level 1 in Evocations
 11495 | Lair:2   | Killed a death yak
 11497 | Lair:2   | Killed a death yak
 11498 | Lair:2   | Reached XP level 13. HP: 58/82 MP: 13/13
 12099 | Lair:3   | Noticed Gastronok
 12123 | Lair:3   | Killed Gastronok
 12124 | Lair:3   | Reached skill level 13 in Axes
 12152 | Lair:3   | Noticed Rupert
 12161 | Lair:3   | Paralysed by Rupert for 4 turns
 12173 | Lair:3   | Killed Rupert
 12275 | Lair:3   | HP: 6/123 [soul eater[the player character] (7)]
 12280 | Lair:3   | HP: 4/123 [soul eater[the player character] (2)]
 12373 | Lair:3   | Identified the +4 arbalest "Ficw" {elec, Will+ Int+3}
 12614 | Lair:3   | Found a hole to the Spider Nest.
 13013 | Lair:4   | Reached skill level 14 in Axes
 13034 | Lair:4   | Reached skill level 5 in Evocations
 13089 | Lair:4   | Found a corrupted altar of Lugonu.
 13090 | Lair:4   | Found a one-way gate to the infinite horrors of the Abyss.
 13362 | Lair:4   | Reached **** piety under Trog
 14070 | Lair:4   | Reached skill level 15 in Axes
 14122 | Lair:5   | Entered Level 5 of the Lair of Beasts
 14154 | Lair:5   | Gained mutation: Your large and strong wings let you fly.
                  | [Gargoyle growth]
 14154 | Lair:5   | Reached XP level 14. HP: 88/88 MP: 14/14
 14212 | Lair:5   | Found a viscous altar of Jiyva.
 14212 | Lair:5   | Found a staircase to the Slime Pits.
 15671 | D:11     | Reached skill level 5 in Dodging
 15862 | D:11     | Bought 2 potions of heal wounds for 130 gold pieces
 16457 | D:11     | Reached ***** piety under Trog
 16682 | D:12     | Found a staircase to the Orcish Mines.
 17312 | D:12     | Received a gift from Trog
 17859 | D:13     | Found a gate to the Vaults.
 17863 | D:13     | Reached XP level 15. HP: 92/92 MP: 15/15
 18519 | Orc:1    | Entered Level 1 of the Orcish Mines
 18594 | Orc:1    | Noticed an orc warlord
 18604 | Orc:1    | Killed an orc warlord
 18609 | Orc:1    | Slain by an orc warrior

Illustrated notes

Levels and vault maps discovered:
D:1:      minmay_arrival_glassed_features, layout_loops_cross, serial_forest,
          infiniplex_forest_lined_1, infiniplex_forest_lined_2,
          infiniplex_forest_clump_medium, infiniplex_forest_lined_3,
          infiniplex_forest_clump_small, infiniplex_forest_lined_2,
          infiniplex_forest_clump_long, infiniplex_forest_side_room,
          infiniplex_forest_end_3
D:2:      layout_basic, uniq_robin, uniq_terence
D:3:      layout_basic, overflow_temple_1_default, hex_large, uniq_sigmund,
          uniq_natasha
D:4:      layout_cave_pools, grunt_qazlal_clouds, serial_shops,
          nicolae_shop_hallway_plus
D:5:      minmay_angry_zag, layout_cave_pools, minmay_temple_entry_slanted
D:6:      layout_basic, mainiacjoe_overflow_24_doors, gammafunk_ghost_smash,
          minivault_26
D:7:      layout_loops_ring
D:8:      layout_loops_ring, nzn_wu_jian_council_hall, serial_shops,
          nicolae_stop_n_shop_2, uniq_jeremiah, uniq_amaemon, uniq_psyche
D:9:      layout_loops_cross, mainiacjoe_overflow_small_starburst,
          nicolae_overflow_two_pavilions, nicolae_overflow_hidden_temple,
          nicolae_fountain_basement, uniq_maurice, uniq_harold, uniq_erica
D:10:     layout_roguey, david_lair_shrubbed, serial_shops, shop, st_stairs_9,
          uniq_lodul, uniq_snorg
D:11:     layout_grid_maze, serial_shops, nicolae_shop_hallway_stairs,
          elves_outpost_lemuel
D:12:     layout_irregular_city, david_orc_5
D:13:     layout_grid_maze, david_vaults_5, serial_shops, shop,
          nicolae_trove_entry_free_sample, uniq_frances
Temple:   compressed_dpeg_circular_temple
Lair:1:   wad_woods_tower, layout_chaotic_city
Lair:2:   layout_regular_city, nicolae_swamp_entry_spooky
Lair:3:   layout_hall_layers, nicolae_spider_entry_orb_guardian, st_stairs_6,
          grunt_megastairs_4, infiniplex_staircase_pool, uniq_gastronok,
          uniq_rupert
Lair:4:   layout_cave_pods, amcnicky_altar_lugonu_corruption,
          infiniplex_staircase_pool_2
Lair:5:   cheibrodos_lair_end_hotspot, layout_cave_pods, slime_entry_1,
          minivault_27, nzn_sisyphean_effort
Orc:1:    layout_caves, mines5_lemuel

Skill      XL: |  1  2  3  4  5  6  7  8  9 10 11 12 13 14 |
---------------+-------------------------------------------+-----
Axes           | 2 3 5 6 7 10 12 15 | 15.4
Fighting       | 4 5 7 10 | 10.0
Shapeshifting  | 2 4 8 10 | 10.0
Shields        | 4 6 9 |  9.1
Dodging        | 2 8 |  8.9
Evocations     | 2 5 |  5.0
Armour         | |  3.2

Action                     |  1- 3 |  4- 6 |  7- 9 | 10-12 | 13-15 || total
---------------------------+-------+-------+-------+-------+-------++-------
  Melee: War axe           |   103 |   207 |    15 |       |       ||   325
         Broad axe         |       |       |    85 |   238 |   401 ||   724
 Invoke: Berserk           |       |       |     2 |     5 |     7 ||    14
         Trog's Hand       |       |       |       |       |     1 ||     1
         Brothers in Arms  |       |       |       |       |     1 ||     1
  Evoke: Wand              |       |       |       |     7 |     4 ||    11
    Use: Potion            |       |     1 |       |     2 |     4 ||     7
         Scroll            |       |     8 |     3 |     6 |     5 ||    22
   Stab: Distracted        |       |       |       |       |     3 ||     3
 Armour: Scale mail        |    84 |   166 |    49 |       |       ||   299
         Chain mail        |       |       |    58 |   216 |   363 ||   637
         Skin              |       |       |       |       |    19 ||    19
  Dodge: Dodged            |    70 |    96 |    43 |    73 |   141 ||   423
  Block: Buckler           |    21 |    41 |    22 |    47 |    75 ||   206
         Form:             |       |       |     1 |       |       ||     1
         Blade             |       |       |     1 |       |       ||     1

Table legend: (Time is in decaauts)
 A = Elapsed time spent in this place.
 B = Non-inter-level travel time spent in this place.
 C = Inter-level travel time spent in this place.
 D = Time resting spent in this place.
 E = Time spent auto-exploring this place.
 F = Levels seen in this place.
 G = Mean time per level.
                   A        B        C        D        E       F      G
               +--------+--------+--------+--------+--------+-----+--------+
         Total |  19102 |  17730 |   1372 |   5395 |   8959 |  20 |  955.1 |
       Dungeon |  12854 |  11946 |    908 |   3337 |   6637 |  13 |  988.8 |
        Temple |     76 |     59 |     17 |      0 |      0 |   1 |   76.0 |
          Lair |   6081 |   5635 |    446 |   2058 |   2322 |   5 | 1216.2 |
  Orcish Mines |     89 |     89 |      0 |      0 |      0 |   1 |   89.0 |
               +--------+--------+--------+--------+--------+-----+--------+

Top non-repeatable levels by time:
  Lair:4: 1769 daAuts
  Lair:2: 1686 daAuts
     D:2: 1600 daAuts
    D:11: 1413 daAuts
     D:1: 1360 daAuts
    D:12: 1122 daAuts
     D:4: 1061 daAuts
    D:10: 1024 daAuts
  Lair:1: 1006 daAuts
     D:9: 944 daAuts
     D:8: 912 daAuts
     D:7: 841 daAuts
  Lair:3: 828 daAuts
  Lair:5: 791 daAuts
     D:5: 786 daAuts
